 Dungeon Crawl Stone Soup version 0.26.1 (webtiles) character file.

Game seed: 2105730091539214255

263 Electrofox the Changer (level 5, -5/40 HPs)
             Began as a Draconian Transmuter on Feb 6, 2021.
             Slain by a worker ant (7 damage)
             ... on level 4 of the Dungeon.
             The game lasted 00:26:19 (3366 turns).

Electrofox the Changer (Draconian Transmuter)       Turns: 3366, Time: 00:26:19

Health: -5/40      AC:  5    Str: 12    XL:     5   Next: 97%
Magic:  9/9        EV: 12    Int: 15    God:
Gold:   182        SH:  0    Dex: 11    Spells: 6/10 levels left

rFire    . . .     SeeInvis .     - Unarmed
rCold    . . .     Faith    .   (no shield)
rNeg     . . .     Spirit   .   (armour unavailable)
rPois    .         Reflect  .   (helmet restricted)
rElec    .         Harm     .   (no cloak)
rCorr    .         Rampage  .   (no gloves)
Will     .....                  (no boots)
Stlth    +.........             (no amulet)
HPRegen  0.13/turn              (no ring)
MPRegen  0.11/turn              (no ring)

@: lethally poisoned (-5 -> -14)
A: unfitting armour, cold-blooded, AC +5
a: no special abilities


You were on level 4 of the Dungeon.
You visited 1 branch of the dungeon, and saw 4 of its levels.

You collected 182 gold pieces.

Inventory:

Missiles
 f - 34 poisoned darts (quivered)
 k - 5 boomerangs of dispersal
Armour
 m - a cursed +0 cloak
Jewellery
 g - an uncursed amulet of faith {unknown}
Wands
 n - a wand of iceblast (13)
Scrolls
 b - 2 scrolls of identify {unknown}
 c - a scroll of immolation {unknown}
 e - 2 scrolls of magic mapping {unknown}
 j - 2 scrolls of remove curse {unknown}
 l - a scroll of noise {unknown}
 p - a scroll of enchant armour {unknown}
 q - a scroll of random uselessness {unknown}
Potions
 a - 2 potions of haste {unknown}
 d - 2 potions of attraction {unknown}
 h - a potion of flight {unknown}
 i - 2 potions of curing {unknown}
 o - a potion of cancellation {unknown}
 r - a potion of magic {unknown}


   Skills:
 - Level 1.1 Fighting
 - Level 1.7 Dodging
 - Level 3.0 Unarmed Combat
 - Level 3.0 Spellcasting
 + Level 4.8 Transmutations
 + Level 2.9 Poison Magic


You had 6 spell levels left.
You knew the following spells:

 Your Spells              Type           Power        Failure   Level
a - Beastly Appendage     Tmut           32%          2%          1
b - Spider Form           Tmut/Pois      6%           12%         3

Your spell library contained the following spells:

 Spells                   Type           Power        Failure   Level
 Wereblood                Tmut           16%          4%          2
 Ice Form                 Ice/Tmut       9%           58%         4
 Blade Hands              Tmut           8%           61%         5


Dungeon Overview and Level Annotations

Branches:
Dungeon (4/15)
 Temple: D:4-7

Altars:
Fedhas

Annotations:
D:4 3 runed translucent doors, Valentain's ghost, amateur OpVM


Innate Abilities, Weirdness & Mutations

Your plain brown scales are hard. (AC +5)
You cannot fit into any form of body armour.
You are cold-blooded and may be slowed by cold attacks.


Message History

The worker ant bites you.
* * * LOW HITPOINT WARNING * * *
You are lethally poisoned!
The worker ant poisons you!
Your magical contamination has completely faded away.
You hit the worker ant but do no damage.
* * * LOW HITPOINT WARNING * * *
You feel sick. The worker ant bites you.
* * * LOW HITPOINT WARNING * * *
The ooze hits you.
* * * LOW HITPOINT WARNING * * *
You barely miss the worker ant.
* * * LOW HITPOINT WARNING * * *
You feel sick. The worker ant closely misses you. The ooze misses you.
You hit the worker ant but do no damage.
* * * LOW HITPOINT WARNING * * *
You feel sick.
The worker ant bites you but does no damage.
The ooze barely misses you. The worker ant bites you!
You die...

.###+++###
##...=.......# ##
#..!...##.#..# #.##
#.....##...## #..#
#.....###.## #..##
#....##.J# #.#####..#
#....#..## .........###
#...#..##
(..((.B@J..####...#..###
###...###......######..#
##. ##.#..## ###. #
#..#.# ## ##...# # ###.#
###


You could see a worker ant and an ooze.

Vanquished Creatures
  A hound (D:4)
  Natasha (thrice) (D:4)
  5 adders
  2 oozes (D:2)
  A worm (D:2)
  5 dart slugs
  8 orcs
  4 giant cockroaches
  6 goblins
  9 hobgoblins
  10 jackals
  6 kobolds
  3 quokkas
  A ball python (D:2)
  10 bats
  5 frilled lizards
  7 rats
86 creatures vanquished.

Notes
Turn   | Place    | Note
-------+----------+-------------------------------------------
     0 | D:1      | Electrofox the Draconian Transmuter began the quest for the
                  | Orb.
     0 | D:1      | Reached XP level 1. HP: 16/16 MP: 3/3
   166 | D:1      | Reached XP level 2. HP: 21/23 MP: 5/5
   907 | D:2      | Reached XP level 3. HP: 19/28 MP: 5/7
  1062 | D:2      | Reached skill level 3 in Transmutations
  1834 | D:2      | Learned a level 3 spell: Spider Form
  1845 | D:2      | Reached XP level 4. HP: 23/35 MP: 8/8
  2102 | D:2      | Reached skill level 1 in Poison Magic
  2521 | D:3      | Reached skill level 4 in Transmutations
  2733 | D:3      | Reached XP level 5. HP: 40/40 MP: 9/9
  2741 | D:3      | Found a blossoming altar of Fedhas.
  3092 | D:4      | Noticed Natasha
  3151 | D:4      | Killed Natasha
  3155 | D:4      | Noticed Natasha
  3165 | D:4      | Killed Natasha
  3172 | D:4      | Noticed Natasha
  3310 | D:4      | Killed Natasha
  3333 | D:4      | Found a runed translucent gate.
  3333 | D:4      | Found a runed translucent gate.
  3334 | D:4      | Found a runed translucent gate.
  3335 | D:4      | Noticed Valentain's ghost (amateur OpVM)
  3366 | D:4      | HP: 2/40 [poisoned by a worker ant]
  3366 | D:4      | Slain by a worker ant

Illustrated notes

Levels and vault maps discovered:
D:1:      kennysheep_arrival_seaside, layout_basic
D:2:      layout_loops_cross
D:3:      minmay_angry_zag, layout_basic, lemuel_crystal_altar
D:4:      layout_layer_cave, marbit_many_paths, gammafunk_ghost_necromancy,
          portal_sewer_entry_f, uniq_natasha

Skill      XL: |  1  2  3  4  5 |
---------------+----------------+-----
Transmutations | 3 4 |  4.8
Spellcasting   | 3 |  3.0
Poison Magic   | 1 2 |  2.9
Fighting       | |  1.1
Dodging        | |  1.7
Unarmed Combat | |  3.0

Action                   |  1- 3 |  4- 6 || total
-------------------------+-------+-------++-------
Melee: Unarmed           |   137 |   194 ||   331
       Tailslap          |    15 |    12 ||    27
       Punch             |     2 |     4 ||     6
       Kick              |     7 |    16 ||    23
       Headbutt          |     5 |     9 ||    14
Throw: Dart              |     2 |     7 ||     9
 Cast: Beastly Appendage |     7 |     8 ||    15
Armor: Skin              |    38 |    55 ||    93
Dodge: Dodged            |    83 |   112 ||   195
